 Dungeon Crawl Stone Soup version 0.31-a0-1395-g7c67ea8c80 (webtiles) character file.

Game seed: 5929398074547485626

43 Ifr the Ruffian (level 3, -1/28 HPs)
             Began as a Draconian Shapeshifter on Dec 25, 2023.
             Frozen to death by an endoplasm (2 damage)
             ... on level 2 of the Dungeon.
             The game lasted 00:01:21 (725 turns).

Ifr the Ruffian (Draconian Shapeshifter)             Turns: 725, Time: 00:01:22

Health: -1/28      AC:  5    Str: 16    XL:     3   Next: 37%
Magic:  3/3        EV: 12    Int: 10    God:
Gold:   58         SH:  0    Dex: 10    Spells: 2/2 levels left

rFire   . .          .
                       - Unarmed
rCold   . . .        (no shield)
rNeg    . . .        (body armour unavailable)
rPois   .            (helmet currently unavailable)
rElec   .            (cloak currently unavailable)
rCorr   .            (gloves currently unavailable)
SInv    .            (boots currently unavailable)
Will    .....        (no amulet)
Stlth   +            (no ring)
HPRegen 0.24/turn    (no ring)
MPRegen 0.08/turn

%: no passive effects
@: beast-form
A: beast (slay +1), AC +5, unfitting armour, cold-blooded, weak 1
a: Begin Untransformation


You were on level 2 of the Dungeon.
You were a hulking beast.
You visited 1 branch of the dungeon, and saw 2 of its levels.

You collected 58 gold pieces.

Inventory:

Jewellery
 h - an amulet of guardian spirit
Talismans
 b - a beast talisman (active)
 c - a flux talisman
Scrolls
 e - 2 scrolls of fog {unknown}
 f - 2 scrolls of amnesia {unknown}
 g - a scroll of torment {unknown}
 i - a scroll of teleportation {unknown}
Potions
 a - a potion of lignification


   Skills:
 - Level 1.1 Fighting
 - Level 1.7 Dodging
 + Level 4.5 Unarmed Combat
 - Level 3.0 Shapeshifting


You had 2 spell levels left.
You didn't know any spells.
Your spell library contained the following spells:

 Spells                   Type           Power      Damage    Failure   Level
 Ensorcelled Hibernation  Hex/Ice        0%         N/A       50%         2
 Passwall                 Alch/Erth      0%         N/A       50%         2
 Swiftness                Air            0%         N/A       75%         3


Dungeon Overview and Level Annotations

Branches:
Dungeon (2/15)

Altars:


Innate Abilities, Weirdness & Mutations

You are a hulking beast.
Your limbs bulge with bestial killing power. (Slay +1)
Your plain brown scales are hard. (AC +5)
You cannot fit into any form of body armour.
You are cold-blooded and may be slowed by cold attacks.
You are weak. (Str -2)


Message History

You are too injured to fight recklessly!
You barely miss the ball python.
The ball python is heavily wounded.
You feel sick. The ball python completely misses you.
The ball python constricts you. The endoplasm freezes you.
You are frozen.
* * * LOW HITPOINT WARNING * * *
You escape the ball python's grasp.
You feel sick.
The ball python attacks as it pursues you!
The ball python bites you but does no damage.
The ball python barely misses you.
You feel sick.
You are no longer poisoned.
The ball python attacks as it pursues you!
The ball python closely misses you. The ball python grabs you.
The ball python constricts you.
You closely miss the ball python.
The ball python is heavily wounded.
The ball python bites you but does no damage.
The ball python constricts you. The endoplasm hits you.
* * * LOW HITPOINT WARNING * * *
You hit the ball python but do no damage.
The ball python is heavily wounded.
The ball python bites you but does no damage.
The ball python constricts you.
* * * LOW HITPOINT WARNING * * *
You escape the ball python's grasp.
The ball python barely misses you. The ball python closely misses you.
The endoplasm attacks as it pursues you!
The endoplasm barely misses you.
Found a dagger.
The endoplasm attacks as it pursues you!
The endoplasm hits you.
* * * LOW HITPOINT WARNING * * *
It was a potion of mutation.
You feel extremely strange.
You feel weaker. The endoplasm freezes you.
You are frozen.
You die...

............ #..........
#.......... ####..........
###.....#...#### #########
#.....S.........
#.......###.#.S#####......
#........).....J####......
#.......##......h.........
########........####).....
.....###.#......# .....
.........#......#
.....#####......###
...................
.....#####.######## .....#
#.# .....# #.#


You could see an endoplasm and a ball python.

Vanquished Creatures
  2 adders (D:2)
  5 endoplasms (D:1)
  2 giant cockroaches
  4 goblins (D:1)
  3 hobgoblins (D:1)
  3 kobolds
  A ball python (D:1)
  2 frilled lizards (D:1)
  A rat (D:2)
23 creatures vanquished.

Notes
Turn   | Place    | Note
-------+----------+-------------------------------------------
     0 | D:1      | Ifr the Draconian Shapeshifter began the quest for the Orb.
     0 | D:1      | Reached XP level 1. HP: 16/16 MP: 1/1
   187 | D:1      | Reached XP level 2. HP: 23/23 MP: 2/2
   396 | D:1      | Reached skill level 4 in Unarmed Combat
   670 | D:2      | Reached XP level 3. HP: 21/28 MP: 3/3
   720 | D:2      | HP: 1/28 [constriction (1)]
   725 | D:2      | Gained mutation: You are weak. (Str -2) [potion of
                  | mutation]
   725 | D:2      | Frozen to death by an endoplasm

Illustrated notes

Levels and vault maps discovered:
D:1:      lightli_arrival_lavapool, layout_rooms, serial_curves, eino_curves_02,
          eino_curves_01, eino_curves_02
D:2:      layout_rooms, basic_altar, minmay_close_crescents, uniq_natasha

Skill      XL: |  1  2 |
---------------+-------+-----
Unarmed Combat | 4 |  4.5
Fighting       | |  1.1
Dodging        | |  1.7
Shapeshifting  | |  3.0

Action                     || total
---------------------------++-------
  Melee: Unarmed           ||    63
         Tailslap          ||     4
         Punch             ||     2
    Use: Potion            ||     1
 Armour: Skin              ||    33
  Dodge: Dodged            ||    43
   Form: Beast             ||     1

Table legend: (Time is in decaauts)
 A = Elapsed time spent in this place.
 B = Non-inter-level travel time spent in this place.
 C = Inter-level travel time spent in this place.
 D = Time resting spent in this place.
 E = Time spent auto-exploring this place.
 F = Levels seen in this place.
 G = Mean time per level.
                   A        B        C        D        E       F      G
               +--------+--------+--------+--------+--------+-----+--------+
         Total |    721 |    681 |     40 |      0 |    529 |   2 |  360.5 |
       Dungeon |    721 |    681 |     40 |      0 |    529 |   2 |  360.5 |
               +--------+--------+--------+--------+--------+-----+--------+

Top non-repeatable levels by time:
     D:1: 626 daAuts
     D:2: 94 daAuts
